AoeStats
← RICARDO FORT

Arena

505355286Analyzed
1v1 RM · 22d ago on Sep 9, 2026· 54m 25s· 2 players
Game mode
Random Map
Map size
Tiny (2 player)
Population
200
Speed
Normal
Resources
Standard
Victory
Conquest
Starting age
Dark Age
Ending age
Imperial Age
RankedLock teamsTeams togetherTeam positionsShared explorationLock speedFull tech treeHidden civsTurbo modeCheats
Victory
Defeat
🇺🇸 Franks · United States
779
+17
🇳🇿 Persians · New Zealand
811
-17
ElPeregil1588
0:26 Loom
12:28 Feudal Age
13:28 Loom
17:06 Castle Age
15:28 Stone Mining
16:06 Double-Bit Axe
25:56 Gold Mining
32:58 Imperial Age
31:10 Bow Saw
32:46 Gold Shaft Mining
32:51 Wheelbarrow
33:21 Forging
33:17 Scale Barding Armor
34:41 Chemistry
33:37 Murder Holes
33:13 Cavalier
34:52 Husbandry
34:55 Chivalry
35:17 Conscription
35:14 Town Watch
35:26 Paladin
38:08 Iron Casting
38:08 Ballistics
38:10 Hand Cart
39:14 Pikeman
39:57 Scale Mail Armor
40:33 Elite Skirmisher
41:46 Town Patrol
42:10 Fortified Wall
42:11 Masonry
45:19 Chain Barding Armor
46:00 Blast Furnace
45:15 Chain Mail Armor
47:55 Blast Furnace
48:12 Siege Engineers
48:38 Architecture
48:49 Plate Barding Armor
48:44 Plate Mail Armor
49:15 Hoardings
48:23 Halberdier
49:13 Light Cavalry
RICARDO FORT
10:09 Feudal Age
10:35 Double-Bit Axe
11:09 Gold Mining
11:45 Horse Collar
21:10 Castle Age
19:48 Stone Mining
21:23 Pikeman
22:53 Scale Mail Armor
22:54 Crossbowman
23:46 Heavy Plow
25:42 Bow Saw
27:41 Gold Shaft Mining
28:27 Stone Shaft Mining
28:42 Wheelbarrow
29:18 Thumb Ring
33:02 Kamandaran
33:24 Fletching
37:17 Imperial Age
37:54 Hand Cart
37:27 Loom
37:28 Town Watch
39:22 Padded Archer Armor
39:19 Bodkin Arrow
42:31 Ballistics
43:11 Chemistry
42:45 Leather Archer Armor
44:20 Ring Archer Armor
44:38 Forging
44:31 Halberdier
47:19 Two-Man Saw
47:53 Masonry
48:03 Elite Skirmisher
Connection lost

Rejoining the realm…

Still unreachable

The connection could not be restored.

Session expired

The server has moved on; the page needs a fresh start.